[Event "FIDE WYCC Open U14 2023"]
[Site "Montesilvano"]
[Date "2023.11.18"]
[Round "6.6"]
[White "Rustamov, Rustam"]
[Black "Matyassy, Lazar"]
[Result "1/2-1/2"]
[ECO "B58"]
[WhiteElo "2229"]
[BlackElo "2281"]
[Annotator "RC"]
[PlyCount "145"]
[EventDate "2023.11.13"]
[EventType "swiss"]
[EventCountry "ITA"]
[SourceTitle "playchess.com"]
[Source "ChessBase"]
[SourceQuality "1"]
[TimeControl "40/5400+30:1800+30"]

1. e4 c5 2. Nf3 d6 3. d4 cxd4 4. Nxd4 Nf6 5. Nc3 Nc6 6. Be2 e5 7. Nf3 h6 8. O-O Be7 9. h3 O-O 10. Nh2 Nd4 11. Ng4 Nxe2+ 12. Qxe2 Nxg4 13. hxg4 Be6 14. Rd1 Qc8 15. Nd5 Re8 16. f3 Bg5 17. Bxg5 hxg5 18. c3 Qc5+ 19. Qf2 Rac8 20. Rd2 Kf8 21. Rad1 Qxf2+ 22. Kxf2 Red8 23. a3 Bxd5 24. Rxd5 Ke7 25. Ke3 f6 26. R1d3 Rc5 27. b4 Rc4 28. Rb5 Rd7 29. a4 Rc8 30. Rbd5 Rc4 31. Kd2 Rdc7 32. Rb5 R4c6 33. Kc2 Rb6 34. Rxb6 axb6 35. Rd5 Kd7 36. Rd1 Rc8 37. Rh1 Ke6 38. Kb3 Ke7 39. Rh7 Kf7 40. Rh2 Ke7 41. Rh3 Ke6 42. Rh5 Ke7 43. Rh1 Ke6 44. c4 Ra8 45. g3 Ke7 46. Rh2 Ke6 47. b5 Ke7 48. Rh7 Kf7 49. Kb4 Kg6 50. Rh1 Kf7 51. Ra1 Ra5 52. Rf1 Ra8 53. f4 gxf4 54. gxf4 exf4 55. Rxf4 Ke6 56. Rf5 Ke7 57. Rf1 Ke6 58. Rf5 Ke7 59. g5 fxg5 60. e5 dxe5 61. Rxe5+ Kf6 62. Rd5 g4 63. Rd6+ Kf5 64. Rxb6 Rd8 65. Rxb7 Kf6 66. Rb6+ Kf5 67. Rb7 Kf6 68. Rb6+ Kf5 69. Rc6 g3 70. Rc7 Kf6 71. Rc6+ Kf5 72. Rc5+ Kf6 73. Rc6+ 1/2-1/2

[Event "FIDE WYCC Open U14 2023"]
[Site "Montesilvano"]
[Date "2023.11.18"]
[Round "6.7"]
[White "Prokhorov, Aleksey"]
[Black "Kozlovic, Jernej"]
[Result "1/2-1/2"]
[ECO "B17"]
[WhiteElo "1869"]
[BlackElo "2263"]
[Annotator "RC"]
[PlyCount "81"]
[EventDate "2023.11.13"]
[EventType "swiss"]
[EventCountry "ITA"]
[SourceTitle "playchess.com"]
[Source "ChessBase"]
[SourceQuality "1"]
[TimeControl "40/5400+30:1800+30"]

1. e4 c6 2. d4 d5 3. Nd2 dxe4 4. Nxe4 Nd7 5. c3 Ngf6 6. Nxf6+ Nxf6 7. Nf3 Bg4 8. Be2 e6 9. Bf4 Bd6 10. Ne5 Bxe2 11. Qxe2 Qc7 12. O-O Nd7 13. Rad1 O-O 14. Rd3 Rfe8 15. Bg3 Rad8 16. Nf3 Bxg3 17. hxg3 a5 18. b3 Ra8 19. c4 Qd6 20. Qc2 Red8 21. Rfd1 Nf6 22. a4 Qc7 23. Ne5 h6 24. Qe2 Nd7 25. Nxd7 Rxd7 26. d5 exd5 27. cxd5 c5 28. Re3 g6 29. d6 Rxd6 30. Re8+ Rxe8 31. Qxe8+ Kh7 32. Rxd6 Qxd6 33. Qxf7+ Kh8 34. Qxb7 Qd1+ 35. Kh2 Qh5+ 36. Kg1 Qd1+ 37. Kh2 Qh5+ 38. Kg1 Qd1+ 39. Kh2 Qh5+ 40. Kg1 Qd1+ 41. Kh2 1/2-1/2

[Event "FIDE WYCC Open U14 2023"]
[Site "Montesilvano"]
[Date "2023.11.18"]
[Round "6.8"]
[White "Uskov, Artem"]
[Black "Ermitsch, Magnus"]
[Result "*"]
[WhiteElo "2380"]
[BlackElo "2206"]
[Annotator "RC"]
[PlyCount "59"]
[EventDate "2023.11.13"]
[EventType "swiss"]
[EventCountry "ITA"]
[SourceTitle "playchess.com"]
[Source "ChessBase"]
[SourceQuality "1"]
[TimeControl "40/5400+30:1800+30"]

1. Nf3 d5 2. e3 Nf6 3. c4 e6 4. b3 c6 5. Bb2 Nbd7 6. d4 Bb4+ 7. Nbd2 O-O 8. a3 Bd6 9. Bd3 b6 10. Qe2 Bb7 11. e4 dxe4 12. Nxe4 Nxe4 13. Qxe4 Nf6 14. Qh4 h6 15. O-O c5 16. Rad1 Ne4 17. Qh5 Qe7 18. Bxe4 Bxe4 19. dxc5 bxc5 20. Qg4 f5 21. Qg6 Rad8 22. Ne5 Qf6 23. Qg3 f4 24. Qc3 Bxe5 25. Qxe5 Qg6 26. g3 fxg3 27. hxg3 Rxd1 28. Rxd1 Rf7 29. Re1 Bb7 30. Bc1 *

[Event "FIDE WYCC Open U14 2023"]
[Site "Montesilvano"]
[Date "2023.11.18"]
[Round "6.9"]
[White "Agasarov, Benik"]
[Black "Farias, David Nuno M E"]
[Result "*"]
[WhiteElo "2360"]
[BlackElo "2149"]
[Annotator "ChessBase"]
[PlyCount "61"]
[EventDate "2023.11.13"]
[EventType "swiss"]
[EventCountry "ITA"]
[SourceTitle "playchess.com"]
[Source "ChessBase"]
[SourceQuality "1"]
[TimeControl "40/5400+30:1800+30"]

1. d4 Nf6 2. c4 g6 3. Nc3 d5 4. Nf3 Bg7 5. Qb3 dxc4 6. Qxc4 O-O 7. e4 a6 8. Be2 b5 9. Qb3 c5 10. dxc5 Be6 11. Qc2 Nbd7 12. Be3 Rc8 13. Rd1 Qa5 14. a3 b4 15. axb4 Qxb4 16. Rd4 Qb7 17. b4 Ng4 18. Bd2 Nde5 19. Nxe5 Nxe5 20. Nd5 Nc6 21. Rc4 Nd4 22. Rxd4 Bxd4 23. Qc4 Bg7 24. c6 Bxd5 25. exd5 Qc7 26. O-O Be5 27. g3 Rfd8 28. Be3 Rb8 29. Rd1 Bd6 30. Rb1 Rdc8 31. Qe4 *

[Event "FIDE WYCC Open U14 2023"]
[Site "Montesilvano"]
[Date "2023.11.18"]
[Round "6.10"]
[White "Besou, Hussain"]
[Black "kiladze, Luka"]
[Result "1/2-1/2"]
[ECO "B31"]
[WhiteElo "2341"]
[BlackElo "2145"]
[Annotator "RC"]
[PlyCount "111"]
[EventDate "2023.11.13"]
[EventType "swiss"]
[EventCountry "ITA"]
[SourceTitle "playchess.com"]
[Source "ChessBase"]
[SourceQuality "1"]
[TimeControl "40/5400+30:1800+30"]

1. e4 c5 2. Nf3 Nc6 3. Bb5 g6 4. Bxc6 dxc6 5. d3 Bg7 6. O-O e5 7. Be3 b6 8. a3 a5 9. Nbd2 a4 10. Nc4 Qc7 11. b4 axb3 12. cxb3 Ne7 13. b4 b5 14. Na5 cxb4 15. axb4 O-O 16. Qc2 Bg4 17. Nd2 Rac8 18. Ndb3 h6 19. f3 Bd7 20. Nc5 f5 21. Rfd1 g5 22. Na6 Qd6 23. Bc5 Qf6 24. Nb7 g4 25. fxg4 fxe4 26. dxe4 Bxg4 27. Rf1 Qg5 28. Qb3+ Kh7 29. Qg3 Rxf1+ 30. Rxf1 Ng6 31. h3 Be6 32. Qxg5 hxg5 33. Nd6 Rd8 34. Nc7 Bc4 35. Nxc4 bxc4 36. Ne6 Rd7 37. Rc1 Nf4 38. Nxf4 exf4 39. Rxc4 Kg6 40. Bb6 Kh5 41. Rxc6 Rd1+ 42. Kf2 Rb1 43. Bc5 Rb2+ 44. Kg1 Rb1+ 45. Kh2 Rb2 46. Rc7 Bc3 47. Kg1 Bxb4 48. Bxb4 Rxb4 49. e5 Re4 50. Rc5 Kg6 51. Kf2 Kf5 52. e6+ Kf6 53. Kf3 Rxe6 54. Kg4 Re2 55. Rf5+ Ke6 56. Rxg5 1/2-1/2

[Event "FIDE WYCC Open U14 2023"]
[Site "Montesilvano"]
[Date "2023.11.18"]
[Round "6.11"]
[White "Tregubenko, Nikolay"]
[Black "Dotzer, Lukas"]
[Result "*"]
[ECO "B40"]
[WhiteElo "2138"]
[BlackElo "2339"]
[Annotator "RC"]
[PlyCount "52"]
[EventDate "2023.11.13"]
[EventType "swiss"]
[EventCountry "ITA"]
[SourceTitle "playchess.com"]
[Source "ChessBase"]
[SourceQuality "1"]
[TimeControl "40/5400+30:1800+30"]

1. e4 c5 2. Nf3 e6 3. d4 cxd4 4. Nxd4 Nc6 5. Nc3 Qc7 6. Be3 a6 7. g4 h6 8. Qd2 b5 9. Nxc6 Qxc6 10. O-O-O Nf6 11. f3 Bb7 12. h4 b4 13. Ne2 d5 14. e5 Nd7 15. Bd4 a5 16. Kb1 a4 17. f4 b3 18. cxb3 axb3 19. a3 Nb6 20. Bxb6 Qxb6 21. Nd4 Bc5 22. Rh3 O-O 23. Rxb3 Qa7 24. f5 Bc8 25. Qf4 exf5 26. Nxf5 Be6 *

[Event "FIDE WYCC Open U14 2023"]
[Site "Montesilvano"]
[Date "2023.11.18"]
[Round "6.12"]
[White "Goh, Zi Han"]
[Black "Medhus, Vitus Bondo"]
[Result "1-0"]
[ECO "D19"]
[WhiteElo "2333"]
[BlackElo "2108"]
[Annotator "RC"]
[PlyCount "83"]
[EventDate "2023.11.13"]
[EventType "swiss"]
[EventCountry "ITA"]
[SourceTitle "playchess.com"]
[Source "ChessBase"]
[SourceQuality "1"]
[TimeControl "40/5400+30:1800+30"]

1. d4 d5 2. c4 c6 3. Nf3 Nf6 4. Nc3 dxc4 5. a4 Bf5 6. e3 e6 7. Bxc4 Bb4 8. O-O O-O 9. Qe2 Bg6 10. Ne5 Nbd7 11. Nxg6 hxg6 12. Rd1 Qa5 13. Bd2 Nd5 14. Ne4 N7f6 15. Nc5 Bxd2 16. Qxd2 Qxd2 17. Rxd2 b6 18. Nd3 Rac8 19. Rc2 Rfd8 20. Rac1 Rd6 21. Bb5 Ne7 22. Ne5 Nfd5 23. Nxc6 Nxc6 24. Rxc6 Rdxc6 25. Rxc6 Rd8 26. Kf1 g5 27. h3 Kf8 28. Ke2 Ke7 29. Kf3 Kf6 30. Rc1 Kg6 31. Bd3+ Kf6 32. Bb5 Ke7 33. g3 Ra8 34. e4 Nb4 35. Rc7+ Kf6 36. Ke3 Kg6 37. Rc4 Na2 38. d5 exd5 39. exd5 a6 40. Rc6+ Kf5 41. Bd3+ Ke5 42. Be4 1-0

[Event "FIDE WYCC Open U14 2023"]
[Site "Montesilvano"]
[Date "2023.11.18"]
[Round "6.13"]
[White "Bolat, Inayat"]
[Black "Lissillour, Baptiste"]
[Result "1-0"]
[ECO "B31"]
[WhiteElo "2088"]
[BlackElo "2298"]
[Annotator "RC"]
[PlyCount "109"]
[EventDate "2023.11.13"]
[EventType "swiss"]
[EventCountry "ITA"]
[SourceTitle "playchess.com"]
[Source "ChessBase"]
[SourceQuality "1"]
[TimeControl "40/5400+30:1800+30"]

1. e4 c5 2. Nf3 Nc6 3. Bb5 g6 4. O-O Bg7 5. c3 Nf6 6. Qa4 O-O 7. d4 cxd4 8. cxd4 Nxe4 9. d5 Nc5 10. Qa3 Qb6 11. Nc3 Nd4 12. Nxd4 Bxd4 13. Bh6 d6 14. Bxf8 Kxf8 15. Rad1 Be5 16. b4 Na6 17. h3 h5 18. Bxa6 bxa6 19. Ne2 Rb8 20. Rc1 Qb5 21. Qe3 Qxd5 22. Rfd1 Qb7 23. Nf4 Bd7 24. Nd5 Bc6 25. f4 Bb2 26. Rxc6 Qxc6 27. Qxe7+ Kg7 28. Qe2 Bf6 29. Nxf6 Kxf6 30. Qb2+ Kf5 31. Kh1 Re8 32. Qf2 Qc4 33. Qxa7 Re2 34. a3 Qe6 35. Qxa6 Qe4 36. Qc8+ Kxf4 37. Rf1+ Kg5 38. Qc1+ Qe3 39. Qxe3+ Rxe3 40. Rf3 Re1+ 41. Kh2 f5 42. Rb3 f4 43. b5 Kh4 44. b6 g5 45. b7 g4 46. hxg4 hxg4 47. Rh3+ gxh3 48. b8=Q hxg2 49. Kxg2 Kg4 50. Qxd6 Re2+ 51. Kf1 Re4 52. a4 Kg3 53. Qg6+ Kf3 54. Qc6 Ke3 55. Qc3# 1-0

[Event "FIDE WYCC Open U14 2023"]
[Site "Montesilvano"]
[Date "2023.11.18"]
[Round "6.14"]
[White "Cieslak, Patryk"]
[Black "Vommaro, Stanislao"]
[Result "1-0"]
[ECO "B90"]
[WhiteElo "2284"]
[BlackElo "2083"]
[Annotator "RC"]
[PlyCount "49"]
[EventDate "2023.11.13"]
[EventType "swiss"]
[EventCountry "ITA"]
[SourceTitle "playchess.com"]
[Source "ChessBase"]
[SourceQuality "1"]
[TimeControl "40/5400+30:1800+30"]

1. e4 c5 2. Nf3 d6 3. d4 cxd4 4. Nxd4 Nf6 5. Nc3 a6 6. h3 e6 7. g4 h6 8. Bg2 g5 9. Qe2 Nbd7 10. Be3 Ne5 11. O-O-O Nfd7 12. h4 Rg8 13. Nf5 exf5 14. exf5 Nf6 15. f4 gxf4 16. Bxf4 Nfxg4 17. Bh3 Qxh4 18. Nd5 Bxf5 19. Bxg4 Bxg4 20. Qe3 Qxh1 21. Rxh1 Bf3 22. Nf6+ Kd8 23. Re1 Rg2 24. Bxe5 Rc8 25. Bc3 1-0

[Event "FIDE WYCC Open U14 2023"]
[Site "Montesilvano"]
[Date "2023.11.18"]
[Round "6.15"]
[White "Averin, Nikolay"]
[Black "Bharadia Yash"]
[Result "*"]
[ECO "B90"]
[WhiteElo "2270"]
[BlackElo "2071"]
[Annotator "RC"]
[PlyCount "53"]
[EventDate "2023.11.13"]
[EventType "swiss"]
[EventCountry "ITA"]
[SourceTitle "playchess.com"]
[Source "ChessBase"]
[SourceQuality "1"]
[TimeControl "40/5400+30:1800+30"]

1. e4 c5 2. Nf3 d6 3. d4 cxd4 4. Nxd4 Nf6 5. Nc3 a6 6. f3 e6 7. g4 b5 8. g5 Nfd7 9. h4 Bb7 10. Bh3 Nb6 11. Qe2 N8d7 12. h5 b4 13. Nd1 e5 14. Nf5 g6 15. Nh6 Be7 16. Rg1 Nc5 17. Nf2 Bc8 18. f4 Bxh3 19. Nxh3 Ne6 20. Qf2 Qc7 21. fxe5 O-O-O 22. Nxf7 Rhf8 23. hxg6 hxg6 24. Nxd8 Rxf2 25. Nxe6 Re2+ 26. Kxe2 Qc4+ 27. Kf3 *

[Event "FIDE WYCC Open U14 2023"]
[Site "Montesilvano"]
[Date "2023.11.18"]
[Round "6.16"]
[White "Nurgaliyev, Sauat"]
[Black "Fan, Jingyi"]
[Result "1/2-1/2"]
[ECO "B30"]
[WhiteElo "2235"]
[BlackElo "2035"]
[Annotator "RC"]
[PlyCount "139"]
[EventDate "2023.11.13"]
[EventType "swiss"]
[EventCountry "ITA"]
[SourceTitle "playchess.com"]
[Source "ChessBase"]
[SourceQuality "1"]
[TimeControl "40/5400+30:1800+30"]

1. e4 c5 2. Nf3 Nc6 3. Bb5 e6 4. Bxc6 bxc6 5. b3 Ne7 6. Bb2 Ng6 7. h4 h5 8. e5 c4 9. bxc4 Rb8 10. Bc3 c5 11. d3 Bb7 12. Nbd2 Be7 13. Ne4 f5 14. exf6 gxf6 15. Rb1 Kf7 16. Ng3 Nf4 17. O-O Qc7 18. Bd2 Rhg8 19. Bxf4 Qxf4 20. Rb3 Rg4 21. Qd2 Bd8 22. Qxf4 Rxf4 23. Ne4 Bb6 24. Nd6+ Ke7 25. Nxb7 Rxb7 26. a4 Rc7 27. Ra1 Rc6 28. Kf1 d5 29. a5 Bc7 30. Rb7 a6 31. cxd5 exd5 32. c3 Kd7 33. Ra7 c4 34. Nd4 Rxh4 35. Ke2 Rxd4 36. cxd4 c3 37. Rb7 Kc8 38. Rxc7+ Kxc7 39. Rh1 c2 40. Rc1 h4 41. Ke3 Kd6 42. Kd2 f5 43. Ke3 Rc7 44. Kf4 Rc3 45. Ke3 Ke6 46. Kd2 Rc7 47. Re1+ Kd6 48. Kc1 Rg7 49. g3 h3 50. Rh1 Rh7 51. Kxc2 Kc6 52. f3 Kb5 53. g4 fxg4 54. fxg4 Rh4 55. Kc3 Kxa5 56. g5 Rg4 57. Rxh3 Rxg5 58. Re3 Rg6 59. Re5 Rd6 60. Kb3 Kb5 61. Rh5 a5 62. Ka3 Kc6 63. Ka4 Rg6 64. Kxa5 Rg4 65. Rh6+ Kd7 66. Kb4 Rxd4+ 67. Kc5 Rxd3 68. Rd6+ Kc7 69. Rxd5 Rxd5+ 70. Kxd5 1/2-1/2

[Event "FIDE WYCC Open U14 2023"]
[Site "Montesilvano"]
[Date "2023.11.18"]
[Round "6.17"]
[White "Vingris, Mikelis"]
[Black "Haug, Havard"]
[Result "*"]
[ECO "B12"]
[WhiteElo "2127"]
[BlackElo "2223"]
[Annotator "RC"]
[PlyCount "80"]
[EventDate "2023.11.13"]
[EventType "swiss"]
[EventCountry "ITA"]
[SourceTitle "playchess.com"]
[Source "ChessBase"]
[SourceQuality "1"]
[TimeControl "40/5400+30:1800+30"]

1. e4 c6 2. d4 d5 3. e5 c5 4. Nf3 Bg4 5. c4 cxd4 6. cxd5 Qxd5 7. Nc3 Qa5 8. Bb5+ Nc6 9. Bxc6+ bxc6 10. Qxd4 Bxf3 11. gxf3 e6 12. Be3 Ne7 13. O-O-O Nd5 14. Qc4 Rc8 15. Kb1 Nxe3 16. fxe3 Qxe5 17. f4 Qc7 18. Rhg1 g6 19. Qd4 e5 20. fxe5 Bg7 21. Ne4 Bxe5 22. Nd6+ Qxd6 23. Qxd6 Bxd6 24. Rxd6 Ke7 25. Rd4 Rhd8 26. Re4+ Kf8 27. Kc2 Rd5 28. Rc4 f5 29. Rd1 Rxd1 30. Kxd1 Ke7 31. Ke2 Ke6 32. b3 g5 33. Rd4 h5 34. Kf3 Rc7 35. Rd8 Rd7 36. Rg8 g4+ 37. Kf4 Rd2 38. Rg6+ Kf7 39. Rxc6 Rxh2 40. Kxf5 g3 *

[Event "FIDE WYCC Open U14 2023"]
[Site "Montesilvano"]
[Date "2023.11.18"]
[Round "6.18"]
[White "Daaevik Wadhawan"]
[Black "Dhruva Thota"]
[Result "*"]
[WhiteElo "1810"]
[BlackElo "2192"]
[Annotator "ChessBase"]
[PlyCount "58"]
[EventDate "2023.11.13"]
[EventType "swiss"]
[EventCountry "ITA"]
[SourceTitle "playchess.com"]
[Source "ChessBase"]
[SourceQuality "1"]
[TimeControl "40/5400+30:1800+30"]

1. d4 Nf6 2. c4 g6 3. Nc3 Bg7 4. e4 d6 5. Be2 O-O 6. h4 c5 7. d5 e6 8. h5 exd5 9. exd5 Re8 10. h6 Bh8 11. Bg5 Qb6 12. b3 Bf5 13. Kf1 Na6 14. a3 Ne4 15. Nxe4 Bxe4 16. Ra2 Qa5 17. Nf3 Bxf3 18. gxf3 Nc7 19. Bd2 Qa6 20. Bc1 b5 21. Rh4 bxc4 22. Bxc4 Qb7 23. Qd3 f5 24. Kg2 Bf6 25. Rh1 Rab8 26. a4 Qc8 27. Be3 Qd8 28. Re2 Kf8 29. Rhe1 Qd7 *

[Event "FIDE WYCC Open U14 2023"]
[Site "Montesilvano"]
[Date "2023.11.18"]
[Round "6.19"]
[White "Myagmarsuren, Evsuld"]
[Black "Kazantzoglou, Stefanos"]
[Result "*"]
[ECO "C55"]
[WhiteElo "2150"]
[BlackElo "2031"]
[Annotator "ChessBase"]
[PlyCount "79"]
[EventDate "2023.11.13"]
[EventType "swiss"]
[EventCountry "ITA"]
[SourceTitle "playchess.com"]
[Source "ChessBase"]
[SourceQuality "1"]
[TimeControl "40/5400+30:1800+30"]

1. e4 e5 2. Nf3 Nc6 3. Bc4 Nf6 4. d3 Be7 5. O-O O-O 6. Re1 d6 7. a4 Kh8 8. a5 a6 9. h3 Ng8 10. Nc3 f5 11. Nd5 fxe4 12. dxe4 Nf6 13. b4 Nxd5 14. exd5 Nd4 15. Nxd4 exd4 16. Bb2 Bh4 17. Bxd4 Qg5 18. Ra3 Bf5 19. Rf3 Rae8 20. Bd3 Bxd3 21. Rxe8 Rxe8 22. Qxd3 Kg8 23. Be3 Qe5 24. Qc4 Bf6 25. Qxc7 Qxd5 26. Bf4 Qc6 27. Qxc6 bxc6 28. Re3 Rxe3 29. fxe3 d5 30. Bd6 Kf7 31. Kf2 Ke6 32. Bc5 Kf5 33. Kf3 g6 34. g4+ Ke6 35. Ke2 h5 36. e4 hxg4 37. hxg4 Bd8 38. exd5+ Kxd5 39. Kd3 Ke6 40. c4 *

[Event "FIDE WYCC Open U14 2023"]
[Site "Montesilvano"]
[Date "2023.11.18"]
[Round "6.20"]
[White "Tenuunbold, Battulga"]
[Black "Artemov, Andriy"]
[Result "*"]
[WhiteElo "2290"]
[BlackElo "1779"]
[Annotator "RC"]
[PlyCount "94"]
[EventDate "2023.11.13"]
[EventType "swiss"]
[EventCountry "ITA"]
[SourceTitle "playchess.com"]
[Source "ChessBase"]
[SourceQuality "1"]
[TimeControl "40/5400+30:1800+30"]

1. d4 d5 2. c4 e6 3. Nc3 Nf6 4. cxd5 exd5 5. Bg5 Be7 6. e3 h6 7. Bh4 c6 8. Bd3 O-O 9. Qc2 Re8 10. Nge2 Nbd7 11. O-O a5 12. f3 b5 13. Rad1 Ba6 14. Bf2 Bf8 15. h3 Qb8 16. Ng3 Qb7 17. e4 b4 18. Bxa6 Qxa6 19. Na4 dxe4 20. fxe4 c5 21. e5 Nd5 22. Nxc5 Nxc5 23. dxc5 Rxe5 24. Rd3 Qg6 25. Qc4 Nc7 26. Rd7 Qe6 27. Qxe6 Nxe6 28. c6 Rc8 29. Rc1 Nc5 30. Rd4 b3 31. a3 Be7 32. Rdc4 Nd3 33. Bd4 Rd5 34. Rf1 Rxd4 35. Rxd4 Bc5 36. Nf5 Kf8 37. Kh2 Bxd4 38. Nxd4 a4 39. Rb1 Ke7 40. Kg3 Kd6 41. Kf3 Kd5 42. Ke3 Ne5 43. Nf5 Nxc6 44. Rd1+ Ke5 45. Nd6 Rc7 46. Nb5 Rb7 47. Nc3 Ra7 *

[Event "FIDE WYCC Open U14 2023"]
[Site "Montesilvano"]
[Date "2023.11.18"]
[Round "6.21"]
[White "Balint, Peter"]
[Black "Bochniak, Franciszek"]
[Result "1-0"]
[ECO "B38"]
[WhiteElo "2256"]
[BlackElo "1954"]
[Annotator "RC"]
[PlyCount "97"]
[EventDate "2023.11.13"]
[EventType "swiss"]
[EventCountry "ITA"]
[SourceTitle "playchess.com"]
[Source "ChessBase"]
[SourceQuality "1"]
[TimeControl "40/5400+30:1800+30"]

1. e4 c5 2. Nf3 Nc6 3. d4 cxd4 4. Nxd4 g6 5. c4 Bg7 6. Be3 Qb6 7. Nb5 Qa5+ 8. N5c3 d6 9. Be2 Qb4 10. Qd2 Be6 11. O-O Nf6 12. f3 Nd7 13. a3 Qa5 14. b4 Qd8 15. Ra2 O-O 16. Nd5 Rc8 17. Rc2 b6 18. Nbc3 f5 19. Nf4 Bf7 20. exf5 gxf5 21. Nh3 Kh8 22. Nd5 Nce5 23. Bg5 Re8 24. Rd1 Nf8 25. Be3 Qd7 26. Bd4 Ne6 27. Bb2 Rg8 28. Kh1 Nc6 29. Bxg7+ Rxg7 30. Qe3 Ne5 31. Bf1 Qb7 32. Rcc1 Nf8 33. Nhf4 Ne6 34. c5 bxc5 35. Nxe6 Bxe6 36. Nf4 Bf7 37. bxc5 Qb2 38. Rb1 Qa2 39. cxd6 exd6 40. Rb7 a5 41. h4 Rd8 42. h5 h6 43. Ng6+ Kh7 44. Nxe5 Re8 45. Rxd6 Qa1 46. Rxh6+ Kg8 47. Rh8+ Kxh8 48. Nxf7+ Kh7 49. Qh6+ 1-0

[Event "FIDE WYCC Open U14 2023"]
[Site "Montesilvano"]
[Date "2023.11.18"]
[Round "6.22"]
[White "Akhmedov, David"]
[Black "George Samir, David"]
[Result "*"]
[WhiteElo "2240"]
[BlackElo "1942"]
[Annotator "RC"]
[PlyCount "63"]
[EventDate "2023.11.13"]
[EventType "swiss"]
[EventCountry "ITA"]
[SourceTitle "playchess.com"]
[Source "ChessBase"]
[SourceQuality "1"]
[TimeControl "40/5400+30:1800+30"]

1. d4 Nf6 2. c4 e6 3. Nf3 b6 4. g3 Bb7 5. Bg2 Bb4+ 6. Bd2 Qe7 7. O-O Bxd2 8. Nbxd2 O-O 9. Qc2 d6 10. e4 e5 11. d5 a5 12. b3 Bc8 13. Ne1 h5 14. h4 Ng4 15. Nd3 c6 16. dxc6 Nxc6 17. Nc1 Ba6 18. a4 Nf6 19. Ne2 Nb4 20. Qb1 Nd7 21. Rd1 Nc5 22. Nf1 Bb7 23. Ne3 g6 24. Nc3 Bc6 25. Rd2 Rad8 26. Qd1 Rfe8 27. Rb1 Ne6 28. Nc2 Nxc2 29. Qxc2 Nd4 30. Qd3 f5 31. exf5 Bxg2 32. Kxg2 *

[Event "FIDE WYCC Open U14 2023"]
[Site "Montesilvano"]
[Date "2023.11.18"]
[Round "6.23"]
[White "Poljan, Max"]
[Black "Gkavardinas, Antonios"]
[Result "*"]
[WhiteElo "1953"]
[BlackElo "2230"]
[Annotator "RC"]
[PlyCount "58"]
[EventDate "2023.11.13"]
[EventType "swiss"]
[EventCountry "ITA"]
[SourceTitle "playchess.com"]
[Source "ChessBase"]
[SourceQuality "1"]
[TimeControl "40/5400+30:1800+30"]

1. e4 c6 2. Nc3 d5 3. Nf3 Bg4 4. h3 Bxf3 5. Qxf3 e6 6. d3 Nd7 7. Bd2 Qb6 8. O-O-O d4 9. Nb1 a5 10. g4 a4 11. a3 Bd6 12. h4 Ne7 13. g5 Qc7 14. Qg4 Ng6 15. h5 Nf4 16. Rh4 Ne5 17. Qxf4 Nxd3+ 18. Bxd3 Bxf4 19. Bxf4 Qe7 20. e5 h6 21. Rg4 O-O-O 22. g6 Rhf8 23. gxf7 Rxf7 24. Nd2 Kb8 25. Kb1 Qf8 26. Bg3 Rc7 27. f4 b5 28. Ne4 b4 29. axb4 Qxb4 *

[Event "FIDE WYCC Open U14 2023"]
[Site "Montesilvano"]
[Date "2023.11.18"]
[Round "6.24"]
[White "Terlouw, Wouter"]
[Black "Katsanis, Vasileios Dim"]
[Result "0-1"]
[ECO "E06"]
[WhiteElo "1932"]
[BlackElo "2173"]
[Annotator "ChessBase"]
[PlyCount "78"]
[EventDate "2023.11.13"]
[EventType "swiss"]
[EventCountry "ITA"]
[SourceTitle "playchess.com"]
[Source "ChessBase"]
[SourceQuality "1"]
[TimeControl "40/5400+30:1800+30"]

1. d4 d5 2. c4 e6 3. Nf3 Nf6 4. g3 Be7 5. Bg2 O-O 6. Nc3 dxc4 7. Ne5 Nc6 8. Bxc6 bxc6 9. Nxc6 Qe8 10. Nxe7+ Qxe7 11. Qa4 Bb7 12. f3 e5 13. dxe5 Qxe5 14. Bf4 Qe6 15. O-O-O Rfc8 16. e4 a5 17. Rd4 Qb6 18. Rhd1 Rab8 19. Qb5 Qe6 20. Bxc7 Bc6 21. Qxb8 Rxb8 22. Bxb8 Ne8 23. Bf4 h6 24. Nd5 g5 25. Bd2 Bb5 26. Bc3 Ba4 27. b3 Bc6 28. Rxc4 Kh7 29. Rcd4 Bb5 30. Kb2 Be2 31. R1d2 Bxf3 32. e5 a4 33. Nf6+ Nxf6 34. exf6 Qxf6 35. Rf4 a3+ 36. Kc2 Qg6+ 37. Rd3 gxf4 38. Kd2 fxg3 39. Rd8 Qg5+ 0-1

[Event "FIDE WYCC Open U14 2023"]
[Site "Montesilvano"]
[Date "2023.11.18"]
[Round "6.25"]
[White "Escudero Ribo, Eloi"]
[Black "Sodbilegt, Naranbold"]
[Result "0-1"]
[ECO "A45"]
[WhiteElo "1929"]
[BlackElo "2151"]
[Annotator "ChessBase"]
[PlyCount "34"]
[EventDate "2023.11.13"]
[EventType "swiss"]
[EventCountry "ITA"]
[SourceTitle "playchess.com"]
[Source "ChessBase"]
[SourceQuality "1"]
[TimeControl "40/5400+30:1800+30"]

1. d4 Nf6 2. Bg5 Ne4 3. h4 d5 4. Nd2 h6 5. Bf4 e6 6. f3 Bd6 7. Bxd6 Qxd6 8. Nxe4 dxe4 9. fxe4 Qg3+ 10. Kd2 e5 11. Qe1 Qg6 12. dxe5 Qxe4 13. Rd1 Bf5 14. Qg3 Nc6 15. Qc3 O-O-O+ 16. Kc1 Qf4+ 17. e3 Rxd1+ 0-1

[Event "FIDE WYCC Open U14 2023"]
[Site "Montesilvano"]
[Date "2023.11.18"]
[Round "6.26"]
[White "Tabatadze, Erekle"]
[Black "Malinowsky, Levi"]
[Result "0-1"]
[ECO "D85"]
[WhiteElo "1925"]
[BlackElo "2135"]
[Annotator "NA"]
[PlyCount "64"]
[EventDate "2023.11.13"]
[EventType "swiss"]
[EventCountry "ITA"]
[SourceTitle "playchess.com"]
[Source "ChessBase"]
[SourceQuality "1"]
[TimeControl "40/5400+30:1800+30"]

1. d4 Nf6 2. c4 g6 3. Nc3 d5 4. cxd5 Nxd5 5. e4 Nxc3 6. bxc3 Bg7 7. Bb5+ Bd7 8. Rb1 O-O 9. Ne2 a6 10. Bxd7 Nxd7 11. O-O Rb8 12. f4 c5 13. Be3 cxd4 14. cxd4 Qa5 15. d5 Qxa2 16. e5 Rfd8 17. Nc3 Qc4 18. Qd4 Qxd4 19. Bxd4 b5 20. Rb4 Nb6 21. Bxb6 Rxb6 22. Rfb1 f6 23. Re4 fxe5 24. fxe5 b4 25. d6 exd6 26. Nd5 Rb5 27. Ne7+ Kh8 28. Nc6 Re8 29. e6 a5 30. e7 Rc5 31. Nd8 Be5 32. Ne6 Rcc8 0-1

[Event "FIDE WYCC Open U14 2023"]
[Site "Montesilvano"]
[Date "2023.11.18"]
[Round "6.27"]
[White "Radzimski, Antoni"]
[Black "Tao, Sihan"]
[Result "1-0"]
[ECO "E46"]
[WhiteElo "1904"]
[BlackElo "2122"]
[Annotator "NA"]
[PlyCount "127"]
[EventDate "2023.11.13"]
[EventType "swiss"]
[EventCountry "ITA"]
[SourceTitle "playchess.com"]
[Source "ChessBase"]
[SourceQuality "1"]
[TimeControl "40/5400+30:1800+30"]

1. d4 Nf6 2. c4 e6 3. Nc3 Bb4 4. e3 O-O 5. Bd2 d5 6. Nf3 b6 7. cxd5 exd5 8. Rc1 Be7 9. Bd3 c5 10. O-O Bb7 11. dxc5 bxc5 12. Qc2 Nc6 13. a3 c4 14. Be2 d4 15. exd4 Nxd4 16. Nxd4 Qxd4 17. Be3 Qe5 18. Rfd1 Bc5 19. Bxc5 Qxc5 20. Qd2 Rab8 21. Qf4 Qc6 22. Bf3 Qe6 23. Bxb7 Rxb7 24. Na4 Nd5 25. Qxc4 Nb6 26. Qxe6 fxe6 27. Nxb6 Rxb6 28. b4 a5 29. Rc4 axb4 30. axb4 Ra6 31. f3 Ra2 32. Rd7 Ra1+ 33. Kf2 Ra2+ 34. Kg3 Kh8 35. Rcc7 Rg8 36. Re7 Rb2 37. Rb7 Re2 38. Rb6 Re5 39. Rbxe6 Rg5+ 40. Kf2 Rb5 41. Re4 Rbb8 42. Rc4 h6 43. f4 Rgd8 44. Ke3 Rd1 45. Kf3 Rf1+ 46. Kg3 Rb6 47. Kh3 Rf2 48. g3 h5 49. Rc5 Rh6 50. Rc8+ Kh7 51. Rcc7 Rg6 52. Rc5 h4 53. Rh5+ Kg8 54. Rxh4 Rb6 55. Re4 Rb5 56. Kg4 Rb2 57. Rh5 R2xb4 58. Rxb4 Rxb4 59. Ra5 Kf7 60. Kf5 Rb3 61. Ra7+ Kf8 62. Kg5 Kg8 63. f5 Rf3 64. Kg6 1-0